cohdb
Replays
Latest Replays
All Replays
Popular Replays
Top Player Replays
Match Explorer
How It Works
Community
CoH3 Stats
Reddit
Sign in to upload your games and track your stats! →
Sign in with Steam
Match 43392229
Unlisted
Match 43392229
Overview
Messages
Build Orders
End
Construct Barracks
Selects Armored Battlegroup
Selects Veteran Crews
1⁄4-ton 4x4 Truck
Riflemen Squad
Riflemen Squad
Riflemen Squad
Grenade Package
Infantry Support Center
Construct Medical Station
Selects M31 Recovery Vehicle
M1918 Browning Automatic Rifles
Construct Weapon Support Center
Advanced Logistics
Construct Weapon Support Center
Bazooka Squad
M1919 Machine Gun Team
M1919 Machine Gun Team
M1919 Machine Gun Team
Bazooka Squad
Improved M9 Bazooka Rockets
Survival Training
Munitions Surplus
Bazooka Squad
Selects War Machine
Selects Fast Deploy
Selects Seek and Destroy
ConcernedApe
John Bigby
scorpion
Mr Gizard The Lizard Wizard
0
0
Comments
sign in to comment!
No comments posted yet!